 Dungeon Crawl Stone Soup version 0.21.1 (webtiles) character file.

93 JeffiDaFish the Grave Robber (level 4, 0/32 HPs)
             Began as a Mummy Necromancer on Feb 3, 2018.
             Slain by a gnoll
             ... wielding a +1 spear of chaos
              (1 damage)
             ... on level 1 of the Dungeon.
             The game lasted 00:06:02 (2078 turns).

JeffiDaFish the Grave Robber (Mummy Necromancer)    Turns: 2078, Time: 00:06:02

Health: 0/32       AC:  2    Str: 11    XL:     4   Next: 36%
Magic:  1/9        EV:  2    Int: 15    God:
Gold:   57         SH:  0    Dex: 12    Spells: 5/10 levels left

rFire    x . .     SeeInvis .   c - +0 spear
rCold    + . .     Gourm    .   (no shield)
rNeg     + + +     Faith    .   a - +0 robe
rPois    ∞         Spirit   .   (no helmet)
rElec    .         Reflect  .   (no cloak)
rCorr    .         Harm     .   (no gloves)
MR       .....                  (no boots)
Stlth    +.........             (no amulet)
HPRegen  0.10/turn              (no ring)
MPRegen  0.11/turn              (no ring)

@: petrified, very slightly contaminated, drained, invisible
A: no food or potions, fire vulnerability, cold resistance 1, negative energy
resistance 3, torment resistance, unbreathing
a: no special abilities


You were on level 1 of the Dungeon.
You were not hungry.

You visited 1 branch of the dungeon, and saw 2 of its levels.

You collected 57 gold pieces.

Inventory:

Hand Weapons
 c - a +0 spear (weapon)
Armour
 a - a +0 robe (worn)
Books
 b - a book of Necromancy

   Spells                             Type                      Level
   a - Pain                           Necromancy                   1
   b - Animate Skeleton               Necromancy                   1
   c - Vampiric Draining              Necromancy                   3
   d - Regeneration                   Charms/Necromancy            3
   e - Animate Dead                   Necromancy                   4
   f - Borgnjor's Vile Clutch         Necromancy/Earth             5


   Skills:
 + Level 1.1(0.1) Fighting
 * Level 2.4(1.3) Dodging
 - Level 1.6(0.5) Stealth
 * Level 3.9(2.8) Spellcasting
 + Level 4.5(3.4) Necromancy


You had 5 spell levels left.
You knew the following spells:

 Your Spells              Type           Power        Failure   Level  Hunger
a - Pain                  Necr           ##..         4%          1    N/A
b - Animate Skeleton      Necr           N/A          4%          1    N/A
c - Vampiric Draining     Necr           ##........   16%         3    N/A

Dungeon Overview and Level Annotations

Branches:
Dungeon (2/15)

Altars:
Trog


Innate Abilities, Weirdness & Mutations

You do not eat or drink.
Your flesh is vulnerable to fire.
You are immune to poison.
Your flesh is cold resistant. (rC+)
You are immune to negative energy. (rN+++)
You are immune to unholy pain and torment.
You can survive without breathing.


Message History

Aiming: Pain
Press: ? - help, Shift-Dir - straight line, f/p - gnoll
Aim: a gnoll, wielding a spear of chaos (chance to defeat MR: 76%)
The gnoll writhes in agony!
The gnoll hits you with a spear of chaos.
You are slowing down.
The gnoll hits you with a spear of chaos.
You fade into invisibility!
The gnoll hits you with a spear of chaos.
Your limbs are stiffening.
You climb upwards.
You have turned to stone.
The gnoll hits you with a spear of chaos!
* * * LOW HITPOINT WARNING * * *
Space warps horribly around you!
* * * LOW HITPOINT WARNING * * *
The gnoll hits you with a spear of chaos.
* * * LOW HITPOINT WARNING * * *
The gnoll hits you but does no damage.
The gnoll hits you with a spear of chaos.
You die...

.......................##.#
.######.#.#..#########.##.# .#
#.#>....ZZZ.........# Z#
#.#.#.#.########..#.#
Z######.#.#.#...#....#..#.###
....Z...#.#.#...#.##......#.#####
.#####..#.#.#...#.####..#.#......
.# #..#........g........#Z#....
.# #..#.#.#...@...........+....
.# #..#....###..##..#.#.#.#..(.
.#####................#.#.#.#....
....%.........##...#..#.###.#....
.###........#.##...#..#...#.#....
...................'........'....
..##..........##...#.(#...#.#....
..##.).........#...#..#...#.#....
..##.......#...#####..#...#.#.###


You could see a gnoll.

Vanquished Creatures
  2 gnolls (D:2)
  2 adders (D:2)
  A worm (D:2)
  2 dart slugs (D:1)
  A leopard gecko (D:1)
  A giant cockroach (D:1)
  9 goblins
  4 hobgoblins
  6 bats (D:1)
  4 frilled lizards
  A kobold (D:1)
  3 rats
36 creatures vanquished.

Vanquished Creatures (collateral kills)
  A gnoll (D:2)
  A bat (D:2)
  2 goblins (D:1)
  A frilled lizard (D:2)
  3 rats
8 creatures vanquished.

Grand Total: 44 creatures vanquished

Notes
Turn   | Place    | Note
-------+----------+-------------------------------------------
     0 | D:1      | JeffiDaFish the Mummy Necromancer began the quest for the Orb.
     0 | D:1      | Reached XP level 1. HP: 13/13 MP: 4/4
    51 | D:1      | Learned a level 1 spell: Animate Skeleton
   449 | D:1      | Reached XP level 2. HP: 19/19 MP: 6/6
  1017 | D:1      | Reached XP level 3. HP: 20/25 MP: 4/7
  1285 | D:2      | Found a bloodstained altar of Trog.
  1723 | D:2      | Learned a level 3 spell: Vampiric Draining
  1791 | D:2      | Reached skill level 1 in Fighting
  1955 | D:2      | Reached XP level 4. HP: 32/32 MP: 4/9
  2076 | D:1      | HP: 1/32 [gnoll/spear of chaos (1)]
  2078 | D:1      | Slain by a gnoll

Skill      XL: |  1  2  3 |
---------------+----------+-----
Spellcasting   | 3 |  3.9
Dodging        | 2 |  2.4
Fighting       | 1 |  1.1
Stealth        | |  1.6
Necromancy     | |  4.5

Action                   |  1- 3 |  4- 6 || total
-------------------------+-------+-------++-------
Melee: Spear             |    69 |     2 ||    71
 Cast: Pain              |    61 |     5 ||    66
       Animate Skeleton  |    18 |       ||    18
       Vampiric Draining |       |     3 ||     3
  Use: Scroll            |     3 |       ||     3
 Stab: Sleeping          |     3 |       ||     3
       Distracted        |     1 |       ||     1
Armor: Robe              |    12 |       ||    12
Dodge: Dodged            |    43 |    12 ||    55
